Semilg, neutral female gnomish Ranger --------- ------------- -->......-- |.........{.| |...---...| ##-...........| | ------------ #-...| |..(| # |...........| *| |......>....####%####|...---...| # ---.--------- }*}| |...----...| --.......-- # ####### d@B}}}}| |...| |...| -----.--- # # # ----- |...| |...| # # ### ### |...----....######### # # # # |..........| # ############### ## ### ------------ # # -+----.--- # # # ######..).......####### ## # # |........| --.-----------### |........| |.......<....+# ---------- |............|# |............-# |............| -------------- Semilg the Lookout Experience level: 4 Strength: 14 Dexterity: 13 Constitution: 13 Intelligence: 14 Wisdom: 14 Charisma: 8 Health: 0(22) Energy: 19(19) Def: 3 Gold: 493 Moves: 1886 Dungeon seed: 94dvvdX9fAjN-yrn Game ID: Semilg_1553190302 Your Inventory: Coins $ - 493 gold pieces Weapons a - an uncursed +1 dagger (weapon in hand) b - an uncursed +2 crossbow (alternate weapon; not wielded) c - 52 uncursed +2 crossbow bolts (in quiver) d - 37 uncursed +0 crossbow bolts h - an uncursed +2 aklys m - an uncursed +0 bullwhip p - 11 uncursed +0 crossbow bolts r - a cursed -1 elven dagger x - 7 cursed -1 darts E - a cursed +0 dart F - an uncursed +1 dart G - an uncursed poisoned +0 dart Armor e - an uncursed +2 cloak of displacement (being worn) n - an uncursed +0 chain mail y - an uncursed +0 orcish helm z - an uncursed +0 orcish helm N - a blessed +0 banded mail Comestibles f - 4 uncursed cram rations Scrolls i - a cursed scroll of enchant armor u - a cursed scroll of confuse monster Potions l - a blessed potion of gain ability v - an uncursed potion of water w - a blessed potion of booze Rings j - an uncursed ring of poison resistance Wands g - an uncursed wand of slow monster (0:3) k - an uncursed wand of opening (0:4) q - an uncursed wand of fire (0:6) B - an uncursed wand of probing (0:7) C - an uncursed wand of enlightenment (0:13) Spells and supernatural/magical abilities: Name Level Category Fail Memory W - pray for help -- divine ? -- Your skills at the end: Miscellaneous Skills wands [Basic] Weapon Skills dagger [Basic] club [Basic] crossbow [Basic] Spellcasting Skills Final Attributes: You were devoutly aligned. You had automatic searching. You had infravision. You were displaced. You were lucky. You are dead. Vanquished creatures: an iguana a jitterbug a hobbit 2 large kobolds a gecko 2 giant rats 3 jackals a kobold 5 newts 4 goblins 2 sewer rats 3 grid bugs 4 lichens 30 creatures vanquished. Voluntary challenges: You did not adorn yourself with jewelry or accessories. You did not cause conflict. You were not invisible. You did not have reflection. You were an atheist. You used a wielded weapon 38 times, starting on turn 119. You did not use tools. You did not use plumbed fixtures. You did not drink any magical draughts. You were illiterate. You never genocided any monsters. You never polymorphed an object. You never changed form. You used no wishes. You never split a pudding. You never wrote Elbereth's name. You never violated your personal moral code. Dungeon overview: The Dungeons of Doom: levels 1 to 5 Level 1 some fountains a long staircase Level 2 an altar to Mercury, a fountain Level 3 Level 4 <- You were here a fountain stairs to The Gnomish Mines Level 5 The Gnomish Mines: Level 5 stairs to The Dungeons of Doom History has recorded: On T:1 you entered the Dungeons of Doom to retrieve the Amulet of Yendor! On T:136 you reached level 2 of The Dungeons of Doom. On T:544 you advanced to experience level 2. On T:554 you reached level 3 of The Dungeons of Doom. On T:652 you advanced to experience level 3. On T:966 you reached level 4 of The Dungeons of Doom. On T:1466 you reached level 5 of The Dungeons of Doom. On T:1525 you reached level 1 of The Gnomish Mines. On T:1589 you advanced to experience level 4. Score breakdown: Gold: 493 ( 49 points) Experience: 4 levels ( 300 points) Exploration: 5 levels ( 120 points) Discoveries: 0 items ( 0 points) Variety of kills: 13 monsters ( 650 points) Major goal: (nothing yet) ( 0 points) Survival: died (score multiplied by 3) Total score: 3357 Latest messages: Sirius misses the iguana. Sirius bites the iguana. The iguana bites Sirius. Sirius bites the iguana. E - a dart. F - a dart. G - a poisoned dart. Sirius bites the iguana. The iguana is killed! You displace Sirius. $ - 151 gold pieces. You displace Sirius. The door resists! The door opens. Sirius is almost hit by a poisoned dart! You hear someone counting money. The door opens. You stop exploring. You stab the giant bat. The giant bat bites! (4x) You die... Final status: Goodbye Semilg the Ranger, killed by a giant bat... You died in The Dungeons of Doom on dungeon level 4 with 3357 points, and 493 pieces of gold, after 1886 moves. You were level 4 with a maximum of 22 hit points when you died.